 Dungeon Sprint DCSS version 0.17.0-15-g6d90897 (webtiles) character file.

1748 hexophile the Ghoulish Cataclysm (level 9, -1/67 (70) HPs)
             Began as a Ghoul Monk on Nov 10, 2015.
             Was a High Priest of Qazlal.
             Killed from afar by a fire drake (22 damage)
             ... with a blast of flame
             ... in the Dungeon (Sprint IX: "|||||||||||||||||||||||||||||").
             The game lasted 00:02:59 (752 turns).

hexophile the Ghoulish Cataclysm (Ghoul Monk)        Turns: 752, Time: 00:02:59

HP:   -1/67 (70)    AC: 17    Str: 15    XL:     9   Next: 6%
MP:   12/17         EV:  4    Int:  8    God:    Qazlal [*****.]
Gold: 14            SH:  7    Dex: 14    Spells: 0 memorised, 8 levels left

rFire  . . .     SeeInvis .     q - +2 morningstar (crush)
rCold  + . .     Clarity  .     o - +0 plate armour
rNeg   + + +     SustAt   .     (no shield)
rPois  ∞         Gourm    .     n - +0 helmet
rElec  .         Spirit   .     (no cloak)
rCorr  .         Warding  .     (no gloves)
rMut   .         NoTele   +     m - +0 pair of boots
MR     .....                    (no amulet)
Stlth  ..........               a - +2 ring of protection
                                p - +3 ring of dexterity

@: protected from physical damage, rotting, repel missiles, not resistant to
hostile enchantments, extremely unstealthy
A: rotting body, claws 1, carnivore 3, cold resistance 1, negative energy
resistance 3, slow regeneration 1, torment resistance, unbreathing
a: Upheaval, Elemental Force, Disaster Area, Renounce Religion


You were in the Dungeon.
You worshipped Qazlal.
Qazlal was extremely pleased with you.
You were not hungry.

You visited 1 branch You collected 14 gold pieces.


Innate Abilities, Weirdness & Mutations

Your body is rotting away.
You thrive on raw meat.
You are immune to poison.
You have sharp fingernails.
You are carnivorous and can eat meat at any time.
Your flesh is cold resistant.
You are immune to negative energy.
You regenerate slowly when monsters are visible.
You are immune to unholy pain and torment.
You can survive without breathing.

Inventory:

Hand Weapons
 q - a +2 morningstar of crushing (weapon)
 r - a +0 flail of protection
Armour
 m - a +0 pair of boots (worn)
 n - a +0 helmet (worn)
 o - a +0 plate armour (worn)
Jewellery
 a - a +2 ring of protection (right claw)
 p - a +3 ring of dexterity (left claw)
Wands
 h - a wand of draining (1)
Scrolls
 k - 4 scrolls of remove curse
 l - a scroll of blinking
 s - 2 scrolls of recharging
 t - 2 scrolls of enchant armour
 u - 2 scrolls of enchant weapon
Potions
 c - 5 potions of curing
 d - 10 potions of heal wounds
 e - 2 potions of haste
 f - 4 potions of magic
 g - a potion of berserk rage
 j - a potion of invisibility
Comestibles
 b - a meat ration


You had 8 spell levels left.
You didn't know any spells.


   Skills:
 - Level 3.2 Fighting
 * Level 11.0 Maces & Flails
 - Level 2.6 Dodging
 - Level 2.1 Stealth
 - Level 11.4 Unarmed Combat
 * Level 12.8 Invocations

Dungeon Overview and Level Annotations

Branches:
Dungeon (1/1)

Altars:
Cheibriados
Dithmenos
Elyvilon
Fedhas
Gozag
Kikubaaqudgha
Makhleb
Nemelex Xobeh
Okawaru
Qazlal
Ru
Sif Muna
Trog
Vehumet
Xom
Yredelemnul
Zin
The Shining One
Beogh
Jiyva
Lugonu

Vault maps used:
D:        linesprint
You       could see a fire drake and a river rat.


Message History

You block the yak's attack.
You puncture the yak!
You kill the yak!
Qazlal accepts your kill.
Your Maces & Flails skill increases to level 11!
You have reached level 9!
Your experience leads to an increase in your attributes!
Your base attributes are Str 15, Int 7, Dex 11.
Increase (S)trength, (I)ntelligence, or (D)exterity?
You feel clever.
You got additional 7 HP.
Restored 3 HP.
You have now: 34/67 HP.
Unknown command.
Your plate armour prevents you from hitting the fire drake.
Your claw misses the fire drake. The fire drake bites you.
You lost 4 HP.
You have now: 30/67 HP.
You closely miss the fire drake.
The fire drake bites you but does no damage.
You hit the fire drake.
The fire drake is lightly wounded.
The fire drake breathes flames at you. The blast of flame hits you!
* * * LOW HITPOINT WARNING * * *
You closely miss the fire drake.
The fire drake is lightly wounded.
The fire drake bites you but does no damage. x2
You lost 8 HP.
You have now: 22/67 HP.
You hit the fire drake.
The fire drake is moderately wounded.
The fire drake bites you but does no damage.
Unknown command.
You closely miss the fire drake.
The fire drake is moderately wounded.
The fire drake bites you but does no damage.
You barely miss the fire drake.
The fire drake is moderately wounded.
The fire drake bites you but does no damage.
You hit the fire drake.
The fire drake is moderately wounded.
The fire drake bites you.
* * * LOW HITPOINT WARNING * * *
You lost 1 HP.
You have now: 21/67 HP.
You closely miss the fire drake.
The fire drake is moderately wounded.
The fire drake bites you but does no damage. x2
You puncture the fire drake!
The fire drake is severely wounded.
Your protection from physical attacks is fading.
The fire drake breathes flames at you. The blast of flame hits you!
You die...

Action                   |  1- 3 |  4- 6 |  7- 9 || total
-------------------------+-------+-------+-------++-------
Melee: Unarmed           |    18 |    42 |       ||    60
       Morningstar       |       |       |    43 ||    43
Invok: Elemental Force   |       |     1 |     1 ||     2
       Disaster Area     |       |       |     1 ||     1
Evoke: Wand              |     1 |     1 |     4 ||     6
  Use: Scroll            |     1 |       |       ||     1
       Potion            |       |       |     1 ||     1
  Eat: Chunk             |       |     1 |       ||     1

Notes
Turn   | Place    | Note
--------------------------------------------------------------
     0 | D        | hexophile the Ghoul Monk began the quest for the Orb.
     0 | D        | Reached XP level 1. HP: 19/19 MP: 0/0
     4 | D        | Banished a spatial maelstrom
    10 | D        | Reached skill level 5 in Unarmed Combat
   144 | D        | Noticed a worker ant
   144 | D        | Noticed an ice beast
   151 | D        | Found a glowing silver altar of Zin.
   151 | D        | Found a glowing golden altar of the Shining One.
   151 | D        | Found an ancient bone altar of Kikubaaqudgha.
   151 | D        | Found a basalt altar of Yredelemnul.
   151 | D        | Found a shimmering altar of Xom.
   151 | D        | Found a radiant altar of Vehumet.
   152 | D        | Found an iron altar of Okawaru.
   153 | D        | Found a burning altar of Makhleb.
   154 | D        | Found a deep blue altar of Sif Muna.
   155 | D        | Found a bloodstained altar of Trog.
   156 | D        | Found a sparkling altar of Nemelex Xobeh.
   157 | D        | Found a white marble altar of Elyvilon.
   158 | D        | Found a roughly hewn altar of Beogh.
   159 | D        | Found a viscous altar of Jiyva.
   160 | D        | Found a corrupted altar of Lugonu.
   161 | D        | Found a blossoming altar of Fedhas.
   162 | D        | Found a snail-covered altar of Cheibriados.
   163 | D        | Found a shadowy altar of Dithmenos.
   164 | D        | Found a stormy altar of Qazlal.
   165 | D        | Found an opulent altar of Gozag.
   166 | D        | Found a sacrificial altar of Ru.
   172 | D        | Became a worshipper of Qazlal Stormbringer
   172 | D        | Reached * piety under Qazlal
   172 | D        | Reached ** piety under Qazlal
   186 | D        | Killed a worker ant
   186 | D        | Reached skill level 8 in Unarmed Combat
   186 | D        | Reached XP level 2. HP: 25/25 MP: 1/1
   186 | D        | Reached XP level 3. HP: 30/30 MP: 2/2
   186 | D        | Killed an ice beast
   186 | D        | Reached skill level 11 in Unarmed Combat
   186 | D        | Reached XP level 4. HP: 37/37 MP: 3/3
   186 | D        | Reached XP level 5. HP: 44/44 MP: 4/4
   191 | D        | Reached *** piety under Qazlal
   250 | D        | Noticed a killer bee
   250 | D        | Noticed a centaur
   250 | D        | Noticed a big kobold
   250 | D        | Noticed a crimson imp
   261 | D        | Killed a crimson imp
   261 | D        | Reached skill level 2 in Maces & Flails
   261 | D        | Reached skill level 3 in Invocations
   267 | D        | Killed a big kobold
   267 | D        | Reached skill level 4 in Maces & Flails
   267 | D        | Reached skill level 5 in Invocations
   267 | D        | Reached XP level 6. HP: 43/50 MP: 4/8
   276 | D        | Killed a centaur
   276 | D        | Reached **** piety under Qazlal
   276 | D        | Reached skill level 5 in Maces & Flails
   276 | D        | Reached skill level 6 in Invocations
   281 | D        | Killed a killer bee
   281 | D        | Reached skill level 6 in Maces & Flails
   281 | D        | Reached skill level 7 in Invocations
   382 | D        | Noticed a worker ant
   382 | D        | Noticed a crocodile
   382 | D        | Noticed a gargoyle
   382 | D        | Noticed an orc warrior
   382 | D        | Noticed a slime creature
   382 | D        | Noticed a worker ant
   392 | D        | Killed a slime creature
   392 | D        | Reached skill level 7 in Maces & Flails
   392 | D        | Reached skill level 8 in Invocations
   392 | D        | Reached XP level 7. HP: 13/56 MP: 4/12
   393 | D        | Killed a worker ant
   395 | D        | Killed an orc warrior
   395 | D        | Reached ***** piety under Qazlal
   395 | D        | Reached skill level 8 in Maces & Flails
   395 | D        | Reached skill level 9 in Invocations
   395 | D        | Killed a crocodile
   395 | D        | Reached skill level 10 in Invocations
   405 | D        | Killed a gargoyle
   405 | D        | Reached skill level 9 in Maces & Flails
   405 | D        | Reached skill level 11 in Invocations
   405 | D        | Reached XP level 8. HP: 22/63 MP: 6/15
   411 | D        | Killed a worker ant
   606 | D        | Noticed a wolf
   606 | D        | Noticed a crocodile
   606 | D        | Noticed a spiny frog
   606 | D        | Noticed a giant frog
   606 | D        | Noticed an iguana
   608 | D        | Killed an iguana
   613 | D        | Killed a giant frog
   613 | D        | Killed a crocodile
   613 | D        | Killed a wolf
   613 | D        | Reached skill level 10 in Maces & Flails
   614 | D        | Noticed a yak
   614 | D        | Killed a spiny frog
   614 | D        | Reached skill level 12 in Invocations
   615 | D        | Noticed a fire drake
   742 | D        | Killed a yak
   742 | D        | Reached skill level 11 in Maces & Flails
   742 | D        | Reached XP level 9. HP: 34/67 MP: 10/17
   752 | D        | Killed from afar by a fire drake

Table legend:
 A = Turns spent in this place as a percentage of turns spent in the entire game.
 B = Non-inter-level travel turns spent in this place as a percentage of non-inter-level travel turns spent in the entire game.
 C = Inter-level travel turns spent in this place as a percentage of turns spent in this place.
 D = Turns resting spent in this place as a percentage of non-inter-level travel turns spent in this place.
 E = Turns spent auto-exploring this place as a percentage of non-inter-level travel turns spent in this place.
 F = Non-inter-level travel turns spent in this place divided by the number of levels of this place that you've seen.
                   A       B       C       D       E      F
               +-------+-------+-------+-------+-------+----------------------
         Total | 100.0 | 100.0 |   0.0 |   4.7 |   0.3 | 295.0
       Dungeon | 100.0 | 100.0 |   0.0 |   4.7 |   0.3 | 295.0
               +-------+-------+-------+-------+-------+----------------------

Table legend:
 A = Kills in this place as a percentage of kills in entire the game.
 B = Kills by you in this place as a percentage of kills by you in the entire game.
 C = Kills by friends in this place as a percentage of kills by friends in the entire game.
 D = Other kills in this place as a percentage of other kills in the entire game.
 E = Experience gained in this place as a percentage of experience gained in the entire game.
 F = Experience gained in this place divided by the number of levels of this place that you have seen.
                   A       B       C       D       E      F
               +-------+-------+-------+-------+-------+----------------------
         Total | 100.0 | 100.0 |  -nan |  -nan | 100.0 | 2498.0
       Dungeon | 100.0 | 100.0 |  -nan |  -nan | 100.0 | 2498.0
               +-------+-------+-------+-------+-------+----------------------

Vanquished Creatures
  A gargoyle (D)
  A spiny frog (D)
  A slime creature (D)
  A yak (D)
  A wolf (D)
  An orc warrior (D)
  An ice beast (D)
  A centaur (D)
  2 crocodiles (D)
  A big kobold (D)
  A giant frog (D)
  A killer bee (D)
  A crimson imp (D)
  3 worker ants (D)
  An iguana (D)
  A river rat (D)
  2 shadow imps (D)
  An adder zombie (D)
  A giant gecko (D)
  A hobgoblin (D)
  A ball python (D)
  A giant cockroach zombie (D)
  A giant newt (D)
  A goblin (D)
  A kobold (D)
29 creatures vanquished.

Vanquished Creatures (others)
  A spatial maelstrom (D)
1 creature vanquished.

Grand Total: 30 creatures vanquished
